Map: New Gettysburg LE

Players

Lack - Winner!

  • Race: Protoss Protoss
  • League: Diamond

IIIIIIIIIIII

  • Race: Zerg Zerg
  • League: Diamond

VOD

Have the link to the VOD?

Description

Dia T1 promotion

Time

  • Played on: July 18, 2016, 3:33 p.m.
  • Length: 7:21
Show
View Real Time Build Order
Export as new Build Order

Lack Protoss - Winner!

Build Orders: Nexus First 

Get SALT Encoding   

  12  0:01  Probe (Chrono Boost)  
  13  0:11  Probe (Chrono Boost)  
  14  0:22  Pylon  
  14  0:25  Probe (Chrono Boost)  
  15  0:41  Probe (Chrono Boost)  
  16  0:51  Probe (Chrono Boost)  
  17  1:00  Nexus  
  18  1:04  Probe (Chrono Boost)  
  18  1:16  Gateway  
  18  1:22  Assimilator  
  18  1:23  Probe (Chrono Boost)  
  19  1:34  Probe (Chrono Boost)  
  20  1:40  Assimilator  
  20  1:44  Probe (Chrono Boost), Pylon  
  21  1:55  Probe (Chrono Boost)  
  22  2:05  Probe (Chrono Boost)  
  23  2:12  Cybernetics Core  
  23  2:13  Probe (Chrono Boost)  
  24  2:16  Probe (Chrono Boost)  
  25  2:25  Probe (Chrono Boost)  
  25  2:28  Probe (Chrono Boost)  
  27  2:35  Probe (Chrono Boost), Pylon  
  28  2:39  Warp Gate, Probe (Chrono Boost)  
  29  2:48  Adept  
  31  2:53  Probe (Chrono Boost), Mothership Core (Chrono Boost)  
  33  3:03  Probe (Chrono Boost), Twilight Council  
  34  3:11  Probe (Chrono Boost)  
  34  3:12  Gateway  
  35  3:14  Probe (Chrono Boost)  
  36  3:23  Probe (Chrono Boost)  
  36  3:25  Probe (Chrono Boost)  
  39  3:35  Robotics Facility, Probe (Chrono Boost), Resonating Glaives  
  39  3:36  Probe (Chrono Boost)  
  40  3:46  Probe (Chrono Boost)  
  40  3:48  Probe (Chrono Boost)  
  42  3:57  Probe (Chrono Boost)  
  42  4:00  Probe (Chrono Boost)  
  44  4:07  Probe (Chrono Boost)  
  43  4:11  Gateway  
  43  4:12  Probe (Chrono Boost)  
  43  4:13  Gateway  
  43  4:14  Gateway  
  43  4:17  Gateway  
  44  4:18  Probe (Chrono Boost)  
  44  4:22  Warp Prism  
  45  4:26  Gateway  
  47  4:33  Pylon  
  47  4:45  Pylon  
  47  4:49  Adept x2  
  51  4:56  Pylon  
  51  5:05  Pylon  
  53  5:08  Adept x2  
  55  5:22  Adept x3  
  55  5:23  Adept  
  55  5:27  Dark Shrine  
  63  5:29  Assimilator  
  63  5:31  Adept x2  
  67  5:40  Warp Prism  
  69  5:44  Probe x2 (Chrono Boost)  
  71  5:58  Adept x3  
  71  5:59  Adept x4  
  79  6:20  Adept x6  
  85  6:28  Pylon  
  85  6:30  Pylon  
  83  6:33  Pylon  
  79  6:52  Dark Templar  
  79  6:53  Dark Templar x2  
Show
View Real Time Build Order
Export as new Build Order

IIIIIIIIIIII Zerg 

Build Orders: Hatch First 

Get SALT Encoding   

  12  0:00  Drone  
  13  0:13  Overlord  
  13  0:18  Drone  
  14  0:31  Drone x2  
  14  0:35  Drone  
  17  0:52  Hatchery  
  17  0:56  Drone  
  17  0:58  Extractor  
  16  1:12  Spawning Pool  
  16  1:15  Drone  
  16  1:20  Drone  
  16  1:24  Drone  
  18  1:28  Drone  
  19  1:39  Overlord  
  19  2:01  Metabolic Boost, Queen  
  19  2:03  Drone  
  19  2:06  Zergling x2  
  23  2:13  Queen  
  25  2:21  Drone x2  
  27  2:28  Drone  
  27  2:29  Drone  
  29  2:31  Drone  
  30  2:39  Queen  
  32  2:53  Hatchery  
  32  2:57  Overlord  
  31  3:08  Drone x2  
  31  3:09  Drone  
  31  3:11  Overlord  
  34  3:15  Drone x2  
  34  3:16  Drone  
  37  3:25  Drone  
  38  3:29  Drone x2  
  38  3:31  Lair  
  39  3:44  Extractor, Drone x3  
  41  3:48  Roach Warren  
  40  3:58  Spore Crawler  
  39  4:07  Drone  
  39  4:08  Drone x5  
  45  4:15  Spore Crawler  
  44  4:17  Spore Crawler  
  44  4:23  Drone x4  
  47  4:34  Drone  
  47  4:35  Drone x3  
  47  4:37  Hydralisk Den  
  47  4:38  Roach x4  
  58  4:49  Glial Reconstitution  
  58  4:54  Extractor  
  58  4:55  Evolution Chamber x2  
  58  4:57  Drone x3  
  58  5:00  Overlord  
  58  5:13  Overlord x2  
  58  5:18  Drone  
  58  5:19  Drone x2  
  58  5:20  Drone  
  62  5:21  Zerg Missile Weapons Level 1  
  62  5:24  Drone, Queen  
  62  5:25  Drone  
  62  5:27  Overseer  
  66  5:29  Overlord x2  
  66  5:37  Zergling x4  
  66  5:38  Zergling x6  
  71  5:50  Drone x5  
  66  6:09  Roach x6  
  68  6:26  Drone x3  
  68  6:28  Drone x3  
  68  6:29  Drone x2  
  68  6:30  Drone  
  75  6:34  Roach x2  
  77  6:46  Roach x3  
Tags
 
Add a new tag
Caveats
  • Supply blocks, unpowered buildings, or Contaminate may cause inaccurate times.
  • Supply counts are checked every 10 seconds.